 Dungeon Crawl Stone Soup version 0.30.1 (webtiles) character file.

Game seed: 13601883837980844980

465 Bnni the Chopper (level 7, -5/61 HPs)
             Began as a Hill Orc Monk on July 8, 2023.
             Was a Believer of Beogh.
             Succumbed to Dowan's poison
             ... on level 4 of the Dungeon.
             The game lasted 00:04:48 (2477 turns).

Bnni the Chopper (Hill Orc Monk)                    Turns: 2477, Time: 00:04:48

Health: -5/61      AC: 13    Str: 16    XL:     7   Next: 8%
Magic:  7/7        EV:  4    Int: 10    God:    Beogh [**....]
Gold:   157        SH:  5    Dex: 13    Spells: 6/6 levels left

rFire   . . .        a - +0 hand axe
rCold   + . .        k - +0 buckler {rC+}
rNeg    . . .        g - +0 plate armour
rPois   .            (no helmet)
rElec   .            t - scarf {+Inv}
rCorr   .            w - +0 pair of gloves
SInv    .            x - +1 pair of boots
Will    .....        (no amulet) Stlth
                     (no ring)
HPRegen 0.30/turn    (no ring)
MPRegen 0.10/turn

%: no passive effects
@: mighty, lethally poisoned (-5 -> -41)
A: no striking features
a: Renounce Religion, Evoke Invisibility, Smiting


You were on level 4 of the Dungeon.
You worshipped Beogh.
Beogh was pleased with you.
You visited 1 branch of the dungeon, and saw 4 of its levels.

You collected 157 gold pieces.

Inventory:

Hand Weapons
 a - a +0 hand axe (weapon)
Missiles
 p - 4 boomerangs (quivered)
 s - 4 poisoned darts
Armour
 d - an orb of light
 g - a +0 plate armour (worn)
 k - a +0 buckler of cold resistance (worn)
 t - a scarf of invisibility (worn)
 w - a +0 pair of gloves (worn)
 x - a +1 pair of boots (worn)
Scrolls
 c - a scroll of immolation {unknown}
 f - 2 scrolls of enchant weapon {unknown}
 i - 2 scrolls of amnesia {unknown}
 j - a scroll of magic mapping {unknown}
 o - a scroll of fog {unknown}
 q - 2 scrolls of silence {unknown}
 r - 2 scrolls of teleportation {unknown}
 u - a scroll of noise {unknown}
Potions
 e - a potion of mutation
 h - a potion of degeneration


   Skills:
 + Level 5.3 Fighting
 * Level 7.3 Axes
 - Level 2.4 Dodging
 * Level 4.4 Shields


You had 6 spell levels left.
You didn't know any spells.
Your spell library contained the following spells:

 Spells                   Type           Power      Damage    Failure   Level
 Kiss of Death            Conj/Necr      0%         2d5       100%        1
 Magic Dart               Conj           0%         1d3       100%        1
 Searing Ray              Conj           0%         2d4       100%        2
 Confusing Touch          Hex            0%         N/A       100%        3
 Dispel Undead            Necr           0%         3d6       100%        4
 Fulminant Prism          Conj/Hex       0%         3d5       100%        4


Dungeon Overview and Level Annotations

Branches:
Dungeon (4/15)
 Temple: D:4-7

Altars:
Elyvilon
Makhleb

Annotations:
D:4 Dowan


Message History

Throw: throwing net
Press: ? - help, Shift-Dir - straight line, f - Dowan
Aim: Dowan, wielding a +2 dagger of venom and wearing a +0 robe (fast, 48% to hit)
You throw a throwing net. The throwing net barely misses Dowan.
* * * LOW HITPOINT WARNING * * *
You feel very sick.
You are confused.
You feel invigorated.
* * * LOW HITPOINT WARNING * * *
You feel very sick.
You feel very sick.
Dowan says, "Her death will not be in vain!"
Dowan hits you but does no damage.
You are lethally poisoned!
Things that are here:
a +0 dagger; 5 stones
* * * LOW HITPOINT WARNING * * *
You feel very sick. Dowan hits you but does no damage.
Dowan hits you with a +2 dagger of venom.
* * * LOW HITPOINT WARNING * * *
You are lethally poisoned!
Found a scale mail.
* * * LOW HITPOINT WARNING * * *
You feel very sick.
Dowan hits you with a +2 dagger of venom.
* * * LOW HITPOINT WARNING * * *
You are more poisoned.
Unknown command.
Dowan attacks as you move away! Dowan hits you but does no damage.
You are more poisoned.
You feel less invigorated.
You feel less confused.
* * * LOW HITPOINT WARNING * * *
You feel extremely sick. Dowan casts a spell at you. The shard of ice hits you.
You partially resist.
* * * LOW HITPOINT WARNING * * *
Okay, then.
You die...

#.................
.......)..........
........<.........
..##.......##....
##...#.##.....
##...#.#.....#
#.....).....# .
##....)##....
....#.#e@..#....
#.!.>.......#
#...#.##....#
......... ......
.................
[.....(...#......
#........##......
#......... ....
#.#......


You could see Dowan (fast).

Vanquished Creatures
  Grinder (D:4)
  Duvessa (D:4)
  A scorpion (D:4)
  6 adders
  A worm (D:3)
  3 dart slugs
  3 bats
  7 endoplasms
  A giant cockroach (D:2)
  8 goblins
  3 hobgoblins
  6 kobolds
  2 quokkas
  6 ball pythons
  12 frilled lizards
  7 rats
68 creatures vanquished.

Notes
Turn   | Place    | Note
-------+----------+-------------------------------------------
     0 | D:1      | Bnni the Hill Orc Monk began the quest for the Orb.
     0 | D:1      | Reached XP level 1. HP: 19/19 MP: 1/1
   279 | D:1      | Reached XP level 2. HP: 27/27 MP: 2/2
   803 | D:2      | Reached XP level 3. HP: 33/33 MP: 3/3
   872 | D:2      | Reached skill level 5 in Axes
   872 | D:2      | Reached skill level 1 in Shields
  1022 | D:2      | Identified the +7 spear "Aramaoko" {flame, rElec rF- rN+
                  | Int+6}
  1135 | D:2      | Reached XP level 4. HP: 40/40 MP: 4/4
  1752 | D:3      | Became a worshipper of Beogh the Brigand
  1752 | D:3      | Reached * piety under Beogh
  1752 | D:3      | Reached ** piety under Beogh
  1794 | D:3      | Found a burning altar of Makhleb.
  1900 | D:3      | Found a white marble altar of Elyvilon.
  2447 | D:4      | Noticed Grinder
  2449 | D:4      | Noticed Duvessa
  2450 | D:4      | Noticed a scorpion
  2454 | D:4      | Reached XP level 5. HP: 42/47 MP: 5/5
  2454 | D:4      | Noticed Dowan
  2459 | D:4      | Killed Grinder
  2460 | D:4      | Reached skill level 5 in Fighting
  2460 | D:4      | Reached skill level 6 in Axes
  2460 | D:4      | Reached XP level 6. HP: 14/56 MP: 6/6
  2465 | D:4      | Killed Duvessa
  2466 | D:4      | Reached skill level 7 in Axes
  2468 | D:4      | Reached XP level 7. HP: 13/61 MP: 7/7
  2476 | D:4      | HP: 3/61 [Dowan/shard of ice (4)]
  2477 | D:4      | Succumbed to Dowan's poison

Illustrated notes

Levels and vault maps discovered:
D:1:      elethiomel_arrival_maze, layout_basic
D:2:      layout_basic, chequers_serial_rivers_room_b, grunt_ministairs_9
D:3:      layout_loops_ring, mainiacjoe_overflow_alcove_4,
          mainiacjoe_overflow_concentric_impassable, st_stairs_9,
          minmay_lizard_king
D:4:      layout_cave_pools, serial_shops, nicolae_shop_tiny_waterfront,
          nicolae_take_the_stairs, minmay_misc_feat_iff, uniq_grinder,
          uniq_duvessa

Skill      XL: |  1  2  3  4  5  6 |
---------------+-------------------+-----
Fighting       | 4 5 |  5.3
Axes           | 5 6 7 |  7.3
Shields        | 1 2 3 4 |  4.4
Dodging        | |  2.4

Action                     |  1- 3 |  4- 6 |  7- 9 || total
---------------------------+-------+-------+-------++-------
  Melee: Hand axe          |    81 |   114 |     2 ||   197
  Throw: Throwing net      |       |       |     1 ||     1
 Invoke: Convert to Beogh  |       |     1 |       ||     1
    Use: Potion            |     2 |     2 |     2 ||     6
         Scroll            |       |     3 |       ||     3
 Armour: Plate armour      |    77 |    90 |     5 ||   172
  Dodge: Dodged            |    16 |    29 |       ||    45
  Block: Buckler           |     8 |    17 |       ||    25
